AoeStats
← Python 1.4.21

Oasis

508212452Analyzed
4v4 RM · 12d ago on Sep 21, 2026· 45m 40s· 8 players
Game mode
Random Map
Map size
Large (8 player)
Population
200
Speed
Normal
Resources
Standard
Victory
Conquest
Starting age
Dark Age
Ending age
Imperial Age
RankedLock teamsTeams togetherTeam positionsShared explorationLock speedFull tech treeHidden civsTurbo modeCheats
Victory
Defeat
🇬🇧 Turks · United Kingdom
1817
+9
🇨🇿 Mongols · Czechia
1790
+10
🇨🇳 Hindustanis · China
1690
+14
🇹🇼 Ethiopians · Taiwan
1622
+18
🇹🇼 Vietnamese · Taiwan
1743
-16
🇹🇼 Portuguese · Taiwan
1669
-13
🇹🇼 Inca · Taiwan
1630
-12
🇹🇼 Chinese · Taiwan
1572
-10
tim.13
5:37 Loom
9:54 Feudal Age
18:14 Castle Age
16:02 Double-Bit Axe
16:58 Horse Collar
18:17 Wheelbarrow
25:03 Bow Saw
25:26 Gold Mining
26:47 Gold Shaft Mining
26:10 Stone Mining
31:34 Imperial Age
29:45 Fortified Wall
29:48 Masonry
30:04 Forging
30:21 Scale Barding Armor
31:25 Iron Casting
31:26 Bloodlines
31:16 Husbandry
31:58 Chain Barding Armor
31:19 Light Cavalry
32:07 Grand Trunk Road
32:50 Conscription
33:58 Two-Man Saw
33:44 Heavy Plow
34:20 Plate Barding Armor
33:07 Hussar
34:03 Caravan
35:33 Blast Furnace
38:28 Scale Mail Armor
39:56 Chain Mail Armor
40:25 Elite Ghulam
41:41 Squires
41:27 Arson
游樂比(ULB)
10:23 Feudal Age
10:05 Loom
14:12 Castle Age
12:31 Town Watch
12:39 Double-Bit Axe
14:18 Horse Collar
15:28 Bow Saw
24:03 Wheelbarrow
24:22 Gold Mining
25:23 Town Watch
28:47 Imperial Age
26:21 Stone Mining
26:34 Fletching
27:26 Ballistics
27:16 Bodkin Arrow
26:42 Crossbowman
28:08 Padded Archer Armor
28:57 Thumb Ring
29:28 Bracer
30:30 Chemistry
28:52 Arbalester
31:36 Leather Archer Armor
34:06 Torsion Engines
37:17 Ring Archer Armor
38:43 Siege Engineers
41:43 Elite Skirmisher
45:28 Caravan
Velky kanec
5:31 Loom
8:50 Feudal Age
12:44 Fletching
14:54 Double-Bit Axe
22:54 Castle Age
21:32 Padded Archer Armor
22:15 Gold Mining
22:12 Horse Collar
22:58 Crossbowman
23:33 Bodkin Arrow
25:24 Ballistics
27:27 Bow Saw
28:18 Leather Archer Armor
34:51 Thumb Ring
39:07 Imperial Age
39:51 Bracer
39:50 Arbalester
Torpedo
8:47 Feudal Age
9:33 Double-Bit Axe
10:52 Loom
13:10 Horse Collar
15:55 Scale Barding Armor
17:22 Wheelbarrow
17:20 Forging
17:25 Bloodlines
23:13 Castle Age
21:51 Forging
22:22 Gold Mining
24:23 Chain Barding Armor
24:29 Husbandry
26:04 Town Watch
27:34 Heavy Plow
31:28 Stone Mining
31:52 Bow Saw
38:52 Imperial Age
37:06 Hand Cart
37:00 Fletching
37:11 Padded Archer Armor
38:05 Gold Shaft Mining
39:50 Iron Casting
39:39 Sipahi
40:26 Plate Barding Armor
40:35 Conscription
40:19 Cavalier
40:29 Heavy Camel Rider
42:16 Artillery
46:03 Blast Furnace
45:16 Guilds
45:14 Treadmill Crane
45:45 Masonry
45:56 Ballistics
Python 1.4.21
5:37 Loom
9:00 Feudal Age
13:47 Fletching
16:35 Horse Collar
17:36 Double-Bit Axe
24:11 Castle Age
22:46 Town Watch
23:53 Wheelbarrow
26:08 Bow Saw
26:53 Heavy Plow
30:44 Crossbowman
36:46 Imperial Age
34:44 Champi Runner
36:10 Champi Warrior
36:51 Squires
36:37 Arson
37:32 Scale Mail Armor
37:43 Forging
38:00 Conscription
37:39 Pikeman
38:32 Gold Mining
38:03 Halberdier
39:32 Hand Cart
40:25 Chain Mail Armor
40:48 Elite Champi Warrior
42:11 Gold Shaft Mining
41:43 Caravan
42:25 Plate Mail Armor
45:40 Iron Casting
liang0312
6:32 Loom
9:27 Feudal Age
10:11 Double-Bit Axe
12:07 Wheelbarrow
13:39 Fletching
16:01 Padded Archer Armor
22:13 Castle Age
20:18 Double-Bit Axe
20:54 Gold Mining
20:47 Horse Collar
22:14 Crossbowman
22:51 Bodkin Arrow
25:01 Ballistics
28:07 Leather Archer Armor
32:55 Thumb Ring
39:03 Imperial Age
38:30 Bow Saw
40:03 Bracer
39:33 Arbalester
41:41 Chemistry
星空夜羽
6:03 Loom
8:53 Feudal Age
9:40 Double-Bit Axe
11:25 Horse Collar
13:14 Town Watch
18:51 Castle Age
20:18 Wheelbarrow
20:48 Bow Saw
24:56 Hand Cart
30:06 Imperial Age
27:24 Treadmill Crane
27:35 Gold Mining
27:35 Stone Mining
29:49 Masonry
29:50 Light Cavalry
31:59 Chemistry
30:20 Elite Organ Gun
31:57 Stone Shaft Mining
31:34 Fletching
32:35 Sappers
33:42 Siege Engineers
34:29 Arquebus
36:55 Coinage
36:56 Bodkin Arrow
38:55 Caravan
40:53 Bombard Tower
40:58 Ballistics
40:41 Murder Holes
42:15 Two-Man Saw
46:00 Bracer
TATTOO
0:30 Loom
8:25 Feudal Age
9:32 Double-Bit Axe
14:47 Scale Barding Armor
20:52 Castle Age
19:05 Horse Collar
19:40 Forging
19:37 Gold Mining
20:11 Bloodlines
21:57 Bow Saw
23:02 Chain Barding Armor
22:21 Light Cavalry
29:52 Husbandry
33:36 Wheelbarrow
34:32 Heavy Plow
40:59 Imperial Age
39:08 Hand Cart
40:01 Iron Casting
40:35 Gold Shaft Mining
39:50 Stone Mining
40:08 Scale Mail Armor
42:23 Plate Barding Armor
41:09 Cavalier
45:18 Blast Furnace
44:58 Stone Shaft Mining
45:13 Pikeman
45:54 Squires
45:39 Arson
Connection lost

Rejoining the realm…

Still unreachable

The connection could not be restored.

Session expired

The server has moved on; the page needs a fresh start.